 Dungeon Crawl Stone Soup version 0.28-a0-305-g9e858e973b (webtiles) character file.

Game seed: 14996888338136469345

1832 barkas the Sneak (level 9, 0/79 HPs)
             Began as a Naga Summoner on Aug 30, 2021.
             Was an Initiate of Sif Muna.
             Slain by Harold (23 damage)
             ... on level 7 of the Dungeon.
             The game lasted 00:16:17 (8837 turns).

barkas the Sneak (Naga Summoner)                    Turns: 8837, Time: 00:16:18

Health: 0/79       AC:  7    Str: 13    XL:     9   Next: 11%
Magic:  5/15       EV: 10    Int: 16    God:    Sif Muna [......]
Gold:   411        SH:  0    Dex: 12    Spells: 3/17 levels left

rFire   . . .      SeeInvis +   k - +0 trident (drain)
rCold   . . .      Faith    .   (no shield)
rNeg    . . .      Spirit   .   a - +0 robe
rPois   +          Reflect  .   r - +1 helmet
rElec   .          Harm     .   x - +0 cloak
rCorr   +          Rampage  .   (no gloves)
Will    ++...                   (no barding)
Stlth   ++++......              (no amulet)
HPRegen 0.23/turn               m - ring of willpower
MPRegen 0.14/turn               l - ring of resist corrosion

@: very slow
A: AC +3, large, see invisible, deformed body, poison resistance, slowness 2,
spit poison 1, naga tail 1
a: Spit Poison, Renounce Religion


You were on level 7 of the Dungeon.
You worshipped Sif Muna.
Sif Muna was noncommittal.
You visited 2 branches of the dungeon, and saw 8 of its levels.
You also visited: Sewer.

You collected 411 gold pieces.

Inventory:

Hand Weapons
 d - a +1 short sword of flaming
 k - a +0 trident of draining (weapon)
 z - a +2 whip of venom
Missiles
 h - 40 poisoned darts (quivered)
Armour
 a - a +0 robe (worn)
 q - a +0 leather armour
 r - a +1 helmet (worn)
 x - a +0 cloak (worn)
Jewellery
 l - a ring of resist corrosion (right hand)
 m - a ring of willpower (left hand)
Wands
 g - a wand of polymorph (7)
 o - a wand of flame (9)
 y - a wand of mindburst (10)
Scrolls
 e - 3 scrolls of teleportation
 f - 2 scrolls of identify
 i - 3 scrolls of fog
 t - a scroll of enchant armour
Potions
 c - 3 potions of might {unknown}
 j - a potion of magic {unknown}
 n - a potion of flight {unknown}
 s - a potion of degeneration {unknown}
 u - 2 potions of haste {unknown}
 w - a potion of mutation {unknown}


   Skills:
 + Level 4.4 Fighting
 - Level 1.5 Dodging
 + Level 7.9 Stealth
 + Level 4.6 Spellcasting
 * Level 2.3 Conjurations
 * Level 7.8 Summonings
 * Level 2.2 Fire Magic
 * Level 2.4 Air Magic


You had 3 spell levels left.
You knew the following spells:

 Your Spells              Type           Power      Damage    Failure   Level
a - Summon Small Mammal   Summ           100%       N/A       1%          1
b - Call Imp              Summ           28%        N/A       1%          2
c - Call Canine Familiar  Summ           28%        N/A       1%          3
d - Summon Lightning Spi  Summ/Air       20%        N/A       19%         4
e - Sticky Flame          Conj/Fire      11%        2d3       52%         4

Your spell library contained the following spells:

 Spells                   Type           Power      Damage    Failure   Level
 Static Discharge         Conj/Air       11%        N/A       9%          2
 Summon Guardian Golem    Hex/Summ       16%        N/A       10%         3
 Dazzling Flash           Conj/Hex       14%        N/A       28%         3
 Dispel Undead            Necr           3%         3d7       85%         4
 Freezing Cloud           Conj/Ice/Air   4%         6-21      92%         5
 Silence                  Hex/Air        3%         N/A       95%         5
 Agony                    Necr           3%         N/A       99%         5
 Invisibility             Hex            1%         N/A       100%        6
 Chain Lightning          Conj/Air       5%         3d7       100%        9


Dungeon Overview and Level Annotations

Branches:
Dungeon (7/15)             Temple (1/1) D:7           Sewer (visited)

Altars:
Cheibriados
Dithmenos
Fedhas
Gozag
Hepliaklqana
Kikubaaqudgha
Makhleb
Nemelex Xobeh
Qazlal
Ru
Sif Muna
Uskayaw
Vehumet
Wu Jian
Xom
Yredelemnul
The Shining One

Annotations:
D:1 exclusion: downstairs
D:7 Harold


Innate Abilities, Weirdness & Mutations

Your serpentine skin is tough. (AC +3)
You have supernaturally acute eyesight. (SInv)
Armour fits poorly on your strangely shaped body.
Your system is resistant to poisons. (rPois)
You cover ground very slowly.
You can spit poison.
You have a snake-like lower body.


Message History

Aim: Harold, wielding a +0 scimitar and wearing a +0 scale mail (moderately wounded, unusually resistant, ally target, chance to affect: 30%) Harold easily resists.
Your white imp hits Harold.
Your white imp freezes Harold.
Harold resists.
Harold hits you with a +0 scimitar.
Your hound bites Harold but does no damage.
Unknown command.
Unknown command.
Aiming: Mindburst
Press: ? - help, Shift-Dir - straight line, f/p - Harold
Aim: Harold, wielding a +0 scimitar and wearing a +0 scale mail (moderately wounded, unusually resistant, ally target, chance to affect: 30%) Harold easily resists.
Your hound barely misses Harold.
Your white imp hits Harold but does no damage.
Harold hits you with a +0 scimitar!
Your hound bites Harold.
Unknown command.
Aiming: Mindburst
Press: ? - help, Shift-Dir - straight line, f/p - Harold
Aim: Harold, wielding a +0 scimitar and wearing a +0 scale mail (heavily wounded, unusually resistant, ally target, chance to affect: 30%) Harold's mind is blasted!
Your white imp hits Harold but does no damage.
Harold hits you with a +0 scimitar!
* * * LOW HITPOINT WARNING * * *
Your hound bites Harold.
Unknown command.
Aiming: Mindburst
Press: ? - help, Shift-Dir - straight line, f/p - Harold
Aim: Harold, wielding a +0 scimitar and wearing a +0 scale mail (severely wounded, unusually resistant, ally target, chance to affect: 30%) Harold easily resists.
Your hound closely misses Harold.
Your white imp gestures at Harold.
The puff of frost hits Harold.
Harold resists.
Harold hits your white imp with a +0 scimitar!!
Your white imp dies!
Your hound closely misses Harold.
Harold shouts!
Unknown command.
Unknown command.
Aiming: Mindburst
Press: ? - help, Shift-Dir - straight line, f/p - Harold
Aim: Harold, wielding a +0 scimitar and wearing a +0 scale mail (severely wounded, unusually resistant, ally target, chance to affect: 30%) Harold's mind is blasted!
Harold hits you with a +0 scimitar!!
You die...

# ###...)............).#
.. #....#))..........##).
... ##..###.........#....#
....#...###.....#......#..
##.....##....#####....#.#
#...#..##...... ##......
.....#..##8#..#.. #..##.#
.#.#.......#.###.........#
######..@...###......##..
#..h@...............
##..(####..... ##. ###.#
>..# .. #..........#
#......##. #......#
#......# #......#


You could see Harold (resistant, ally target), a friendly lightning spire
(summoned) and a friendly hound (summoned).

Vanquished Creatures
  Purgy (Sewer)
  An ice beast (D:7)
  2 orc warriors
  A black bear (D:5)
  A centaur (D:7)
  A phantom (D:4)
  A water moccasin skeleton (D:7)
  2 orc priests
  2 iguanas (D:6)
  5 orc wizards
  A hound zombie (D:5)
  4 gnolls
  A river rat (D:6)
  3 adders
  An adder skeleton (D:5)
  2 worms
  3 dart slugs
  10 orcs
  4 bats
  3 endoplasms
  3 giant cockroaches
  7 goblins
  5 hobgoblins
  A jackal (D:3)
  A quokka (D:3)
  5 ball pythons
  6 frilled lizards
  6 kobolds
  5 rats
88 creatures vanquished.

Vanquished Creatures (collateral kills)
  An ice beast (D:7)
  An ogre (D:5)
  A centaur (D:5)
  A kobold brigand (D:7)
  A centaur zombie (D:7)
  3 orc priests (D:5)
  2 hounds
  A gnoll shaman (D:4)
  Ijyb (D:3)
  Terence (D:2)
  An orc wizard (D:7)
  A scorpion zombie (D:5)
  Robin (D:2)
  4 gnolls (D:4)
  3 adders
  A shadow imp (D:5)
  A worm (D:2)
  9 orcs
  2 endoplasms (D:4)
  5 goblins (D:2)
  4 hobgoblins
  A jackal (D:3)
  2 quokkas (D:2)
  A ball python (D:3)
  A frilled lizard (Sewer)
  3 kobolds
53 creatures vanquished.

Vanquished Creatures (others)
  2 toadstools (D:7)
2 creatures vanquished.

Grand Total: 143 creatures vanquished

Notes
Turn   | Place    | Note
-------+----------+-------------------------------------------
     0 | D:1      | barkas the Naga Summoner began the quest for the Orb.
     0 | D:1      | Reached XP level 1. HP: 15/15 MP: 3/3
   565 | D:1      | Found a faded altar of an unknown god.
   741 | D:1      | Reached XP level 2. HP: 24/24 MP: 5/5
  1444 | D:2      | Noticed Robin
  1749 | D:2      | Noticed Terence
  1770 | D:2      | Killed Terence
  1771 | D:2      | Reached skill level 1 in Fighting
  1771 | D:2      | Reached XP level 3. HP: 8/31 MP: 2/6
  2554 | D:2      | Learned a level 2 spell: Call Imp
  2558 | D:2      | Learned a level 3 spell: Call Canine Familiar
  2663 | D:2      | Reached XP level 4. HP: 37/38 MP: 5/7
  2836 | D:2      | Killed Robin
  3308 | D:3      | Reached skill level 5 in Summonings
  3308 | D:3      | Reached XP level 5. HP: 37/45 MP: 3/9
  3415 | D:3      | Noticed Ijyb
  3431 | D:3      | Killed Ijyb
  3947 | D:3      | Got the Collected Works on the Feathery Oath
  4028 | D:3      | Reached XP level 6. HP: 52/52 MP: 10/10
  4092 | D:3      | Reached skill level 5 in Stealth
  4881 | D:4      | Reached XP level 7. HP: 28/61 MP: 4/12
  5119 | D:4      | Found a snail-covered altar of Cheibriados.
  5398 | D:5      | Entered Level 5 of the Dungeon
  5588 | D:5      | Found a hide-covered altar of Uskayaw.
  5588 | D:5      | Noticed a +0 falchion
  5588 | D:5      | Noticed a +0 dagger
  5588 | D:5      | Noticed a +0 short sword
  5589 | D:5      | Noticed a +0 falchion
  5589 | D:5      | Noticed a +0 dagger
  5590 | D:5      | Noticed a +0 short sword
  5590 | D:5      | Noticed a +0 spear
  5593 | D:5      | Noticed a +0 spear
  5899 | D:5      | Reached XP level 8. HP: 58/70 MP: 4/14
  6985 | D:6      | Found a burning altar of Makhleb.
  7019 | D:6      | Found a glowing drain.
  7036 | Sewer    | Entered a sewer
  7083 | Sewer    | Learned a level 4 spell: Summon Lightning Spire
  7088 | Sewer    | Learned a level 4 spell: Sticky Flame
  7135 | Sewer    | Noticed Purgy
  7149 | Sewer    | Killed Purgy
  8063 | D:7      | Found a staircase to the Ecumenical Temple.
  8071 | Temple   | Entered the Ecumenical Temple
  8158 | Temple   | Became a worshipper of Sif Muna the Loreminder
  8177 | D:7      | Reached skill level 1 in Conjurations
  8177 | D:7      | Reached skill level 1 in Air Magic
  8188 | D:7      | Reached skill level 1 in Fire Magic
  8625 | D:7      | Reached XP level 9. HP: 79/79 MP: 11/15
  8812 | D:7      | Noticed Harold
  8837 | D:7      | Slain by Harold

Illustrated notes

Levels and vault maps discovered:
D:1:      enne_arrival_octagon_isle, layout_basic,
          hellmonk_ecumenical_altar_lost_god, minmay_indecisive_spiral
D:2:      layout_basic, uniq_terence, uniq_robin
D:3:      layout_loops_ring, uniq_ijyb
D:4:      layout_cave_pools, mainiacjoe_overflow_boulevard, st_stairs_10
D:5:      layout_basic, nicolae_uskayaw_en_pointe, grunt_ministairs_12,
          kennysheep_donut
D:6:      layout_gridville, mainiacjoe_overflow_alcove_2, gup_sewer_entry_bowl
D:7:      layout_cave_pools, minmay_temple_entry_ruins,
          minmay_gold_behind_fungi, nrook_campfire, minivault_22,
          feat_on_display, uniq_harold
Temple:   nicolae_temple_great_sept

Skill      XL: |  1  2  3  4  5  6  7  8 |
---------------+-------------------------+-----
Fighting       | 1 2 3 4 |  4.4
Stealth        | 4 5 6 7 |  7.9
Summonings     | 5 6 7 |  7.8
Spellcasting   | 3 4 |  4.6
Conjurations   | 2 |  2.3
Air Magic      | 2 |  2.4
Fire Magic     | 2 |  2.2
Dodging        | |  1.5

Action                   |  1- 3 |  4- 6 |  7- 9 || total
-------------------------+-------+-------+-------++-------
Melee: Unarmed           |     4 |       |       ||     4
       Short sword       |    26 |    86 |    35 ||   147
       Trident           |       |       |    87 ||    87
Throw: Dart              |     9 |    13 |     6 ||    28
 Cast: Summon Small Mamm |    27 |    12 |     8 ||    47
       Call Imp          |       |    15 |    14 ||    29
       Call Canine Famil |       |    10 |    18 ||    28
       Summon Lightning  |       |       |     3 ||     3
 Abil: Spit Poison       |    30 |    41 |    21 ||    92
Evoke: Wand              |       |       |    12 ||    12
  Use: Scroll            |       |       |     8 ||     8
       Potion            |       |       |     2 ||     2
 Stab: Distracted        |       |       |     6 ||     6
       Sleeping          |       |       |     4 ||     4
Armor: Robe              |    13 |    36 |    53 ||   102
Dodge: Dodged            |    28 |    74 |    85 ||   187

Table legend: (Time is in decaauts)
 A = Elapsed time spent in this place.
 B = Non-inter-level travel time spent in this place.
 C = Inter-level travel time spent in this place.
 D = Time resting spent in this place.
 E = Time spent auto-exploring this place.
 F = Levels seen in this place.
 G = Mean time per level.
                   A        B        C        D        E       F      G
               +--------+--------+--------+--------+--------+-----+--------+
         Total |  10991 |  10235 |    756 |   1911 |   6014 |   9 | 1221.2 |
       Dungeon |  10427 |   9704 |    723 |   1911 |   5694 |   7 | 1489.6 |
        Temple |    137 |    105 |     32 |      0 |     88 |   1 |  137.0 |
         Sewer |    426 |    426 |      0 |      0 |    231 |   1 |  426.0 |
               +--------+--------+--------+--------+--------+-----+--------+

Top non-repeatable levels by time:
     D:1: 2276 daAuts
     D:2: 1722 daAuts
     D:5: 1720 daAuts
     D:3: 1406 daAuts
     D:4: 1264 daAuts
     D:6: 1251 daAuts
     D:7: 785 daAuts
   Sewer: 426 daAuts
  Temple: 137 daAuts
